AoeStats
← De1moS

QS Arena

503201183Analyzed
1v1 RM · 2mo ago on Aug 30, 2026· 64m 4s· 2 players
Game mode
Random Map
Map size
Tiny (2 player)
Population
200
Speed
Normal
Resources
Standard
Victory
Conquest
Starting age
Dark Age
Ending age
Imperial Age
RankedLock teamsTeams togetherTeam positionsShared explorationLock speedFull tech treeHidden civsTurbo modeCheats
Victory
Defeat
🇨🇳 Khitans · China
1160
+14
vs
🇮🇳 Huns · India
1118
-14
De1moS
7:54 Feudal Age
9:08 Loom
12:27 Castle Age
10:51 Double-Bit Axe
11:38 Horse Collar
13:25 Wheelbarrow
13:44 Bow Saw
22:31 Husbandry
22:42 Bloodlines
22:42 Gold Mining
23:08 Heavy Plow
24:17 Gold Shaft Mining
23:31 Town Watch
26:59 Imperial Age
25:18 Scale Barding Armor
25:23 Forging
25:59 Hand Cart
26:43 Chain Barding Armor
26:59 Stone Mining
27:20 Cavalier
28:38 Plate Barding Armor
28:39 Iron Casting
29:21 Two-Man Saw
29:43 Chemistry
29:28 Parthian Tactics
29:05 Paladin
29:27 Elite Skirmisher
30:56 Thumb Ring
32:18 Conscription
33:32 Blast Furnace
32:24 Fletching
32:34 Padded Archer Armor
33:57 Devotion
35:04 Bodkin Arrow
40:39 Ballistics
40:16 Light Cavalry
41:58 Bracer
42:17 Leather Archer Armor
42:05 Heavy Cavalry Archer
42:21 Hussar
44:15 Murder Holes
53:02 Capped Ram
秦心酱是最强的
5:08 Loom
8:22 Feudal Age
13:10 Castle Age
10:59 Domestication
13:22 Double-Bit Axe
17:41 Pastoralism
17:56 Bow Saw
27:59 Imperial Age
26:06 Fletching
27:06 Husbandry
27:12 Bodkin Arrow
27:17 Padded Archer Armor
27:59 Wheelbarrow
27:10 Town Watch
27:21 Gold Mining
27:43 Heavy Cavalry Archer
28:38 Thumb Ring
28:59 Leather Archer Armor
30:05 Transhumance
30:06 Parthian Tactics
30:23 Bracer
31:35 Chemistry
30:48 Stone Mining
32:25 Ring Archer Armor
32:20 Ordo Cavalry
32:47 Heavy Camel Rider
34:31 Scale Barding Armor
34:37 Forging
35:39 Chain Barding Armor
36:09 Ballistics
37:49 Plate Barding Armor
38:25 Conscription
39:42 Iron Casting
41:11 Pikeman
41:52 Squires
41:27 Light Cavalry
42:18 Hussar
42:53 Gambesons
43:41 Elite Fire Lancer
45:56 Hand Cart
46:36 Scale Mail Armor
47:44 Chain Mail Armor
49:12 Elite Skirmisher
54:14 Lamellar Armor
62:29 Fortified Wall
63:58 Two-Man Saw
63:21 Guilds
Connection lost

Rejoining the realm…

Still unreachable

The connection could not be restored.

Session expired

The server has moved on; the page needs a fresh start.